← All builds
Suicide front / Armada / Factory first / OBSERVED BUILD

Standard suicide front

Armada Suicide front build order · Supreme Isthmus

The role's standard play: bot lab first, Rocketeer/Centurion/Pawn based force pushes into the middle to contest and hold it until T2 arrives.

Usually lab first (63%)

#rush #push · 1309 distinct matches · 127 players · 71% of Armada Suicide front games · team won 59% of 1550 · Recently observed

HOW TO PLAY IT

Key timing: Bot Lab by 0:20

  1. Open with mex and wind, drop Bot Lab immediately.
  2. Push out first "Centurion" as Pond's boost lands.
  3. Send "Rocketeer", "Centurion", "Pawn" mix to contest middle.
  4. Add Dragon's Teeth and Sentries to hold the line.
  5. Get Advanced Metal Extractor up as T2 nears.

Phase by phase

TYPICAL OF ITS 1309 GAMES
  1. 1
  2. 2
  3. 3
PLAY THE OPENING

Follow the example game's first 6:00 step by step: what to build now, what comes next, and where it goes. At 1× it keeps pace with your own game.

  1. 1

    Bot Lab first

    Order
    1. Bot LabBot Lab done ~0:20, middle half 0:20–0:33

    Some games also: mex (37%)

  2. 2

    Bot Lab to 5:00

    Economy
    • Metal Extractor5Mex
    • Wind Turbine4Wind
    Builders
    • Construction Bot3 Con bot
    • Lazarus2 Lazarus
    Army
    • Sentry4 Sentry
    • Rocketeer17 Rocketeer
    • Tick2 Tick
    • Centurion1 Centurion
    Other
    • Radar Tower1 Radar Tower

    Some games also: con turret (35%) · pawn (33%)

    By 5:00 in all: 5 mex · 4 wind

    The example game in this phase · 34 steps
    1. LazarusLazarus
    2. Wind ×2
    3. TickTick ×2
    4. PawnPawn
    5. Construction BotCon bot ×2
    6. Wind
    7. SentrySentry
    8. Construction BotCon bot
    9. MaceMace
    10. Mex ×2
    11. MaceMace ×2
    12. RocketeerRocketeer
    13. SentrySentry
    14. Mex
    15. RocketeerRocketeer
    16. Mex
    17. RocketeerRocketeer
    18. Radar TowerRadar Tower
    19. Wind
    20. SentrySentry
    21. RocketeerRocketeer
    22. TickTick ×2
    23. Wind
    24. RocketeerRocketeer ×3
    25. Wind
    26. RocketeerRocketeer ×2
    27. Dragon's TeethDragon's Teeth
    28. Wind
    29. RocketeerRocketeer ×2
    30. LazarusLazarus ×2
    31. SentrySentry
    32. RocketeerRocketeer ×2
    33. Dragon's TeethDragon's Teeth
    34. RocketeerRocketeer ×4
  3. 3

    5:00 to 10:00

    Economy
    • Metal Extractor1Mex
    • Wind Turbine17Wind
    Builders
    • Construction Turret2 Con turret
    • Lazarus2 Lazarus
    • Construction Bot1 Con bot
    Army
    • Sentry1 Sentry
    • Rocketeer8 Rocketeer
    • Pawn1 Pawn

    Some games also: tick (47%) · Radar Tower (46%) · energy storage (46%) · centurion (45%) · Beamer (39%)

    By 10:00 in all: 6 mex · 23 wind · 1 energy storage · 3 con turret

    The example game in this phase · 59 steps
    1. RocketeerRocketeer
    2. Con turret
    3. Energy storage
    4. RocketeerRocketeer ×3
    5. TickTick
    6. Radar TowerRadar Tower
    7. RocketeerRocketeer
    8. Mex
    9. TickTick
    10. Wind
    11. RocketeerRocketeer
    12. PawnPawn
    13. Wind
    14. PawnPawn
    15. TickTick
    16. PawnPawn
    17. TickTick
    18. PawnPawn
    19. Vehicle PlantVehicle Plantdone 7:01
    20. Wind
    21. PawnPawn
    22. Radar TowerRadar Tower
    23. Wind
    24. Mex
    25. StoutStout
    26. Con turret
    27. BlitzBlitz
    28. Wind
    29. SentrySentry ×2
    30. BlitzBlitz ×2
    31. SentrySentry
    32. BlitzBlitz
    33. Wind
    34. BlitzBlitz ×3
    35. Con turret
    36. Wind
    37. BlitzBlitz ×5
    38. Wind
    39. BlitzBlitz ×2
    40. Wind
    41. BlitzBlitz ×4
    42. Wind
    43. BlitzBlitz ×4
    44. Mex
    45. Wind
    46. BlitzBlitz
    47. JanusJanus
    48. Wind
    49. JanusJanus ×2
    50. BeamerBeamer
    51. Wind
    52. JanusJanus
    53. BeamerBeamer
    54. Wind
    55. JanusJanus
    56. Mex
    57. SentrySentry ×4
    58. Energy storage
    59. Mex

Counts are medians over the build's games: half of them build more, half fewer. The example game is [AFUS]Aleash's (47 OS, 22/08/2026); pick another.

Team trades

IN AT LEAST 30% OF ITS GAMES

You hand over

Nothing regular.

You get

  • Tidal Generator4 Tidal from Pondfirst at 0:10 · in 69% of games
  • Advanced Construction Bot1 T2 con bot from Geo or Techfirst at 7:30 · in 59% of games

How it plays out

Typical game of this build, running totals by minute

Metal produced

010k20k30k
0:005:0010:0015:00

metal

Enemy metal destroyed

05k10k
0:005:0010:0015:00

metal

Own metal lost

05k10k
0:005:0010:0015:00

metal

1550 games.

Show as table
ByMetal produced: This buildEnemy metal destroyed: This buildOwn metal lost: This build
1:0022600
2:0088900
3:002051180106
4:003161660496
5:00424314171026
6:00543423001787
7:00667231752706
8:00792440303613
9:00931647974495
10:001069854325318
11:001225359116059
12:001410665186829
13:001622670297536
14:001809577098373
15:002043283489240
WHAT THE NUMBERS SAY

Standard suicide front play wins slightly more than half its games with fast kills but also fast losses, matching the raw grind of the role.

  • + First kill lands by 2:04 in all games
  • + Metal produced reaches 19882 by 15:00
  • − Own metal lost hits 9208 by 15:00, near metal destroyed of 8172
  • − First unit lost as early as 2:08 in every game
THE EXAMPLE YOU ARE READING

[AFUS]Aleash

46.7 OS · 22/08/2026

Open source match ↗

12 received units
104 metal received · 13792 energy received

Allied construction assistance is unknown. Timings are observations, not a promise of solo reproducibility.

Typical milestones

Bot Lab0:20Middle 50%: 0:20–0:33 · n=1543
Advanced Metal Extractor9:36Middle 50%: 8:42–10:48 · n=1143

Played most by

_X_253games of this buildPlatinumBlonde181games of this buildXad127games of this buildImmort74games of this buildwatermeloans60games of this build